 Dungeon Crawl Stone Soup version 0.30-a0-996-ga6910c8ee8 (webtiles) character file.

Game seed: 11937878073191332993

21 Pimp the Shooter (level 2, 0/23 HPs)
             Began as a Barachi Hunter on Apr 4, 2023.
             Slain by a gnoll
             ... wielding a +0 halberd
              (5 damage)
             ... on level 2 of the Dungeon.
             The game lasted 00:03:36 (767 turns).

Pimp the Shooter (Barachi Hunter)                    Turns: 767, Time: 00:03:37

Health: 0/23       AC:  4    Str: 12    XL:     2   Next: 87%
Magic:  12/12      EV: 12    Int:  9    God:
Gold:   12         SH:  0    Dex: 15    Spells: 2/2 levels left

rFire   . . .      SeeInvis .    a - +0 shortbow
rCold   . . .      Faith    .    (shield currently unavailable)
rNeg    . . .      Spirit   .    c - +0 leather armour
rPois   .          Reflect  .    (no helmet)
rElec   .          Rampage  .    k - +0 cloak
rCorr   .                        (no gloves)
Will    .....                    (no boots)
Stlth   +                        (no amulet)
HPRegen 0.23/turn                j - ring of magical power
MPRegen 0.13/turn                (no ring)

@: slow
A: amphibious, slowness 1, strong legs 1, +LOS
a: Hop


You were on level 2 of the Dungeon.
You visited 1 branch of the dungeon, and saw 2 of its levels.

You collected 12 gold pieces.

Inventory:

Hand Weapons
 a - a +0 shortbow (weapon)
 f - a +4 flail
Armour
 c - a +0 leather armour (worn)
 k - a +0 cloak (worn)
Jewellery
 j - a ring of magical power (left hand)
Scrolls
 b - a scroll of immolation
 e - 2 scrolls of teleportation {unknown}
 g - a scroll of fear {unknown}
 i - a scroll of enchant weapon {unknown}
Potions
 d - a potion of haste {unknown}
 h - a potion of invisibility {unknown}


   Skills:
 + Level 2.7 Fighting
 + Level 0.2 Maces & Flails
 + Level 4.1 Ranged Weapons
 + Level 0.9 Armour
 + Level 2.5 Dodging
 - Level 1.0 Stealth
 + Level 0.7 Spellcasting


You had 2 spell levels left.
You didn't know any spells.
Your spell library contained the following spells:

 Spells                   Type           Power      Damage    Failure   Level
 Blink                    Tloc           0%         N/A       58%         2
 Lesser Beckoning         Tloc           0%         N/A       58%         2
 Momentum Strike          Conj/Tloc      0%         3d8       58%         2
 Vhi's Electric Charge    Tloc/Air       0%         N/A       82%         3
 Arcjolt                  Conj/Air       0%         1d10      100%        5
 Maxwell's Capacitive Co  Air            0%         ∞         100%        8


Dungeon Overview and Level Annotations

Branches:
Dungeon (2/15)

Altars:


Innate Abilities, Weirdness & Mutations

You are amphibious.
You cover ground slowly.
You can hop short distances.
You have an extended range of vision and can be seen from far away.


Message History

You shoot an arrow. The arrow hits the gnoll.
The gnoll is lightly wounded.
Fire: a) +0 shortbow
Press: ? - help, Q - select action, (/) - cycle Shift-Dir - straight line, f/p - gnoll
Aim: a gnoll, wielding a +0 flail (lightly wounded, 65% to hit)
You shoot an arrow. The arrow hits the gnoll.
The gnoll is heavily wounded.
Fire: a) +0 shortbow
Press: ? - help, Q - select action, (/) - cycle Shift-Dir - straight line, f/p - gnoll
Aim: a gnoll, wielding a +0 flail (heavily wounded, 65% to hit)
You shoot an arrow. The arrow hits the gnoll!
You kill the gnoll!
Fire: a) +0 shortbow
Press: ? - help, Q - select action, (/) - cycle Shift-Dir - straight line, f - gnoll
Aim: a gnoll, wielding a +0 halberd (65% to hit)
You shoot an arrow. The arrow barely misses the gnoll.
The arrow closely misses the gnoll.
The gnoll closely misses you.
Fire: a) +0 shortbow
Press: ? - help, Q - select action, (/) - cycle Shift-Dir - straight line, f/p - gnoll
Aim: a gnoll, wielding a +0 halberd (65% to hit)
You shoot an arrow. The arrow closely misses the gnoll. x2
The gnoll closely misses you.
Fire: a) +0 shortbow
Press: ? - help, Q - select action, (/) - cycle Shift-Dir - straight line, f/p - gnoll
Aim: a gnoll, wielding a +0 halberd (65% to hit)
You shoot an arrow. The arrow hits the gnoll.
The gnoll is moderately wounded.
The gnoll hits you from afar with a +0 halberd!
The gnoll hits you but does no damage. The gnoll attacks as you move away!
The gnoll barely misses you. The gnoll attacks as you move away!
The gnoll hits you with a +0 flail. The gnoll attacks as you move away!
The gnoll barely misses you. The gnoll attacks as you move away!
The gnoll hits you with a +0 flail!
* * * LOW HITPOINT WARNING * * *
The gnoll completely misses you.
There is a stone staircase leading up here.
The gnoll barely misses you.
The gnoll hits you from afar with a +0 halberd.
You die...

#####.####
#.........
..........
...######..#....#.
....$.g...........
...######g##....#
#g###.#...
#.#######g........
........@.###.....
.#.######## #..


You could see 3 gnolls.

Vanquished Creatures
  A gnoll (D:2)
  An endoplasm (D:1)
  3 jackals (D:1)
  2 quokkas (D:1)
  2 bats (D:1)
  2 kobolds (D:1)
  A rat (D:1)
12 creatures vanquished.

Notes
Turn   | Place    | Note
-------+----------+-------------------------------------------
     0 | D:1      | Pimp the Barachi Hunter began the quest for the Orb.
     0 | D:1      | Reached XP level 1. HP: 17/17 MP: 1/1
    38 | D:1      | Reached skill level 1 in Stealth
    85 | D:1      | Reached XP level 2. HP: 23/23 MP: 2/2
   767 | D:2      | Slain by a gnoll

Illustrated notes

Levels and vault maps discovered:
D:1:      dpeg_arrival_stone_temple_mockup, layout_basic, nicolae_titane
D:2:      layout_loops_ring, uniq_jessica

Skill      XL: |  1 |
---------------+----+-----
Stealth        | 1 |  1.0
Fighting       | |  2.7
Maces & Flails | |  0.2
Ranged Weapons | |  4.1
Armour         | |  0.9
Dodging        | |  2.5
Spellcasting   | |  0.7

Action                     || total
---------------------------++-------
  Melee: Flail             ||     2
   Fire: Shortbow          ||    39
 Armour: Leather armour    ||     6
  Dodge: Dodged            ||    18

Table legend: (Time is in decaauts)
 A = Elapsed time spent in this place.
 B = Non-inter-level travel time spent in this place.
 C = Inter-level travel time spent in this place.
 D = Time resting spent in this place.
 E = Time spent auto-exploring this place.
 F = Levels seen in this place.
 G = Mean time per level.
                   A        B        C        D        E       F      G
               +--------+--------+--------+--------+--------+-----+--------+
         Total |    904 |    883 |     21 |      0 |    731 |   2 |  452.0 |
       Dungeon |    904 |    883 |     21 |      0 |    731 |   2 |  452.0 |
               +--------+--------+--------+--------+--------+-----+--------+

Top non-repeatable levels by time:
     D:1: 883 daAuts
     D:2: 20 daAuts
